 Seeded DCSS version 0.23.2 (webtiles) character file.

Game seed: 97667173627

4549 Kranky the Thaumaturge (level 10, -2/74 HPs)
             Began as a Gnoll Wizard on Oct 13, 2019.
             Was a Priest of Okawaru.
             Slain by Harold
             ... wielding a +0 glaive
              (11 damage)
             ... on level 9 of the Dungeon.
             The game lasted 00:44:19 (8805 turns).

Kranky the Thaumaturge (Gnoll Wizard)               Turns: 8805, Time: 00:44:20

Health: -2/74      AC: 11    Str: 12    XL:     10   Next: 40%
Magic:  19/22      EV: 14    Int: 22    God:    Okawaru [***...]
Gold:   642        SH:  0    Dex: 13    Spells: 15/26 levels left

rFire    + + .     SeeInvis .   o - +2 short sword (drain)
rCold    . . .     Gourm    .   (no shield)
rNeg     . . .     Faith    +   v - +2 ring mail {rPois}
rPois    +         Spirit   .   B - +0 helmet
rElec    .         Reflect  .   (no cloak)
rCorr    .         Harm     .   s - +0 pair of gloves
MR       .....                  i - +0 pair of boots (curse)
Stlth    +++.......             x - amulet of faith
HPRegen  0.22/turn              g - ring of protection from fire
MPRegen  0.18/turn              H - ring of protection from fire

@: marked
A: distributed training, fangs 1, strong nose
a: Heroism, Renounce Religion


You were on level 9 of the Dungeon.
You worshipped Okawaru.
Okawaru was most pleased with you.
You were not hungry.

You visited 2 branches of the dungeon, and saw 10 of its levels.

You collected 642 gold pieces.

Inventory:

Hand Weapons
 h - a +0 long sword
 o - a +2 short sword of draining (weapon)
 D - a +0 blowgun
Missiles
 j - 72 sling bullets
 l - 28 poisoned needles
 F - 2 needles of confusion
Armour
 i - a cursed +0 pair of boots (worn)
 s - a +0 pair of gloves (worn)
 v - a +2 ring mail of poison resistance (worn)
 w - a +2 ring mail of cold resistance
 B - a +0 helmet (worn)
Jewellery
 g - a ring of protection from fire (left hand)
 x - an amulet of faith (around neck)
 H - a ring of protection from fire (right hand)
 L - a +3 ring of evasion {unknown}
Wands
 a - a wand of paralysis (3)
 r - a wand of clouds (6)
 u - a wand of polymorph (7)
 y - a wand of iceblast (10)
 G - a wand of random effects (30)
Scrolls
 c - 5 scrolls of noise {unknown}
 e - 4 scrolls of fear {unknown}
 k - 5 scrolls of enchant weapon {unknown}
 n - 5 scrolls of teleportation {unknown}
 p - a scroll of immolation {unknown}
 q - 7 scrolls of identify {unknown}
 t - 4 scrolls of enchant armour {unknown}
 C - a scroll of remove curse {unknown}
 E - 4 scrolls of fog {unknown}
Potions
 b - 2 potions of curing
 f - 3 potions of haste {unknown}
 m - 2 potions of heal wounds {unknown}
 z - 3 potions of flight {unknown}
 A - a potion of brilliance {unknown}
 J - a potion of lignification {unknown}
Miscellaneous
 K - a lightning rod (4/4)
Comestibles
 d - 11 rations
 I - 6 chunks of flesh


   Skills:
 + Level 5.1 Fighting
 + Level 5.1 Short Blades
 + Level 5.1 Long Blades
 + Level 5.1 Axes
 + Level 5.1 Maces & Flails
 + Level 5.1 Polearms
 + Level 5.1 Staves
 + Level 5.1 Slings
 + Level 5.1 Bows
 + Level 5.1 Crossbows
 + Level 5.1 Throwing
 + Level 5.1 Armour
 + Level 7.0 Dodging
 + Level 6.7 Stealth
 + Level 5.1 Shields
 + Level 5.1 Unarmed Combat
 + Level 8.9 Spellcasting
 + Level 4.8 Conjurations
 + Level 4.2 Hexes
 + Level 4.2 Charms
 + Level 4.8 Summonings
 + Level 4.2 Necromancy
 + Level 4.8 Translocations
 + Level 4.2 Transmutations
 + Level 4.2 Fire Magic
 + Level 4.2 Ice Magic
 + Level 4.2 Air Magic
 + Level 4.2 Earth Magic
 + Level 4.2 Poison Magic
 + Level 5.6 Invocations
 + Level 5.1 Evocations


You had 15 spell levels left.
You knew the following spells:

 Your Spells              Type           Power        Failure   Level  Hunger
a - Magic Dart            Conj           ####         1%          1    None
b - Mephitic Cloud        Conj/Pois/Air  ####....     7%          3    None
c - Blink                 Tloc           N/A          3%          2    None
d - Call Imp              Summ           ####....     3%          2    None
e - Conjure Flame         Conj/Fire      ####....     6%          3    None

Your spell library contained the following spells:

 Spells                   Type           Power        Failure   Level  Hunger
 Slow                     Hex            ####....     3%          2    None


Dungeon Overview and Level Annotations

Branches:
Dungeon (9/15)             Temple (1/1) D:7             Orc (0/2) D:9
   Lair: D:8-11

Altars:
Dithmenos
Okawaru

Shops:
D:5 [

Annotations:
D:9 Harold


Innate Abilities, Weirdness & Mutations

Your experience applies equally to all skills.
You have very sharp teeth.
Your uncanny sense of smell can sniff out nearby items.


Message History

You feel better.
A wight comes into view. It is wielding a +1 spear.
Harold barely misses you.
The orc wizard hits you but does no damage.
Casting: Mephitic Cloud (safe; 7% risk of failure)
Confirm with . or Enter, or press ? or * to list all spells.
You don't know that spell.
Casting: Mephitic Cloud (safe; 7% risk of failure)
Confirm with . or Enter, or press ? or * to list all spells.
Aiming: Mephitic Cloud (safe; 7% risk of failure)
Press: ? - help, Shift-Dir - straight line, f - you The ball explodes into a vile cloud!
The stinking cloud engulfs you but does no damage.
The stinking cloud engulfs Harold but does no damage.
Harold is almost dead.
The stinking cloud engulfs the orc wizard but does no damage.
The orc wizard is severely wounded.
The orc wizard is engulfed in noxious fumes.
The orc wizard appears confused.
Harold hits you with a +0 glaive!
You die...

##############
............)# ##
.............# .#
..........$..# .#
.zz..........# .#
.....$.@☼....# .+
......§@.o...# .#
########☼##### ##
######.# # ##......# #
#..###### #####
#####.##########
....###........[.....#
....#...[............#
....#.#..............#


You could see Harold, 2 wights and an orc wizard (confused).

Vanquished Creatures
  2 water moccasins
  4 ice beasts
  4 orc warriors
  3 sky beasts (D:8)
  2 phantoms
  4 centaurs
  5 ogres
  A big kobold (D:5)
  9 bullfrogs
  A wyvern skeleton (D:8)
  5 killer bees (D:7)
  3 scorpions
  A centaur zombie (D:8)
  A hound (D:7)
  A jelly (Temple)
  10 orc wizards
  6 orc priests
  A gnoll shaman (D:7)
  2 centaur skeletons
  4 worker ants
  2 iguanas
  A killer bee zombie (D:8)
  A hound zombie (D:6)
  A hound skeleton (D:8)
  2 worker ant zombies
  4 gnolls (D:7)
  14 adders
  A shadow imp (D:7)
  3 oozes
  3 adder zombies
  3 adder skeletons
  4 worms
  3 dart slugs
  6 leopard geckos
  57 orcs
  4 giant cockroaches
  7 goblins
  10 hobgoblins
  10 jackals
  14 kobolds
  4 quokkas
  A ball python (D:1)
  4 bats
  10 frilled lizards
  A quokka skeleton (D:6)
  8 rats
247 creatures vanquished.

Vanquished Creatures (collateral kills)
  An orc warrior (D:7)
  An ogre (D:4)
2 creatures vanquished.

Grand Total: 249 creatures vanquished

Notes
Turn   | Place    | Note
-------+----------+-------------------------------------------
     0 | D:1      | Kranky the Gnoll Wizard began the quest for the Orb.
     0 | D:1      | Reached XP level 1. HP: 13/13 MP: 8/8
   295 | D:1      | Reached XP level 2. HP: 14/19 MP: 8/10
   724 | D:1      | Reached XP level 3. HP: 25/25 MP: 3/11
   822 | D:1      | Learned a level 3 spell: Mephitic Cloud
  1067 | D:2      | Reached skill level 1 in Invocations
  1076 | D:2      | Learned a level 2 spell: Blink
  1079 | D:2      | Learned a level 2 spell: Call Imp
  1083 | D:2      | Learned a level 3 spell: Conjure Flame
  1226 | D:2      | Reached skill level 1 in Fighting
  1226 | D:2      | Reached skill level 1 in Short Blades
  1226 | D:2      | Reached skill level 1 in Long Blades
  1226 | D:2      | Reached skill level 1 in Axes
  1226 | D:2      | Reached skill level 1 in Maces & Flails
  1226 | D:2      | Reached skill level 1 in Polearms
  1226 | D:2      | Reached skill level 1 in Staves
  1226 | D:2      | Reached skill level 1 in Slings
  1226 | D:2      | Reached skill level 1 in Bows
  1226 | D:2      | Reached skill level 1 in Crossbows
  1226 | D:2      | Reached skill level 1 in Throwing
  1226 | D:2      | Reached skill level 1 in Armour
  1226 | D:2      | Reached skill level 1 in Shields
  1226 | D:2      | Reached skill level 1 in Unarmed Combat
  1226 | D:2      | Reached skill level 1 in Evocations
  1254 | D:2      | Reached XP level 4. HP: 32/32 MP: 3/13
  1988 | D:3      | Reached skill level 1 in Hexes
  1988 | D:3      | Reached skill level 1 in Charms
  1988 | D:3      | Reached skill level 1 in Necromancy
  1988 | D:3      | Reached skill level 1 in Transmutations
  1988 | D:3      | Reached skill level 1 in Fire Magic
  1988 | D:3      | Reached skill level 1 in Ice Magic
  1988 | D:3      | Reached skill level 1 in Air Magic
  1988 | D:3      | Reached skill level 1 in Earth Magic
  1988 | D:3      | Reached skill level 1 in Poison Magic
  2128 | D:3      | Noticed an ogre
  2148 | D:3      | Killed an ogre
  2148 | D:3      | Reached XP level 5. HP: 35/37 MP: 10/14
  2747 | D:3      | Reached XP level 6. HP: 35/44 MP: 13/16
  3011 | D:4      | Reached skill level 5 in Dodging
  3370 | D:4      | Reached XP level 7. HP: 33/50 MP: 14/18
  3761 | D:5      | Entered Level 5 of the Dungeon
  4415 | D:5      | Found Busk's Antique Armour Boutique.
  4516 | D:5      | Reached skill level 5 in Stealth
  4745 | D:5      | Reached XP level 8. HP: 57/57 MP: 14/19
  5061 | D:6      | Reached skill level 8 in Spellcasting
  5263 | D:6      | Found an iron altar of Okawaru.
  5289 | D:6      | Became a worshipper of Warmaster Okawaru
  5429 | D:6      | Reached XP level 9. HP: 65/65 MP: 14/21
  6164 | D:7      | Found a staircase to the Ecumenical Temple.
  6225 | Temple   | Entered the Ecumenical Temple
  6466 | Temple   | Reached * piety under Okawaru
  7022 | D:7      | Found a shadowy altar of Dithmenos.
  7254 | D:8      | Reached ** piety under Okawaru
  7254 | D:8      | Reached skill level 5 in Invocations
  7473 | D:8      | Reached XP level 10. HP: 44/73 MP: 16/22
  7985 | D:8      | Reached *** piety under Okawaru
  8251 | D:9      | Reached skill level 5 in Fighting
  8251 | D:9      | Reached skill level 5 in Short Blades
  8251 | D:9      | Reached skill level 5 in Long Blades
  8251 | D:9      | Reached skill level 5 in Axes
  8251 | D:9      | Reached skill level 5 in Maces & Flails
  8251 | D:9      | Reached skill level 5 in Polearms
  8251 | D:9      | Reached skill level 5 in Staves
  8251 | D:9      | Reached skill level 5 in Slings
  8251 | D:9      | Reached skill level 5 in Bows
  8251 | D:9      | Reached skill level 5 in Crossbows
  8251 | D:9      | Reached skill level 5 in Throwing
  8251 | D:9      | Reached skill level 5 in Armour
  8251 | D:9      | Reached skill level 5 in Shields
  8251 | D:9      | Reached skill level 5 in Unarmed Combat
  8251 | D:9      | Reached skill level 5 in Evocations
  8508 | D:9      | Found a staircase to the Orcish Mines.
  8762 | D:9      | Noticed Harold
  8803 | D:9      | HP: 1/74 [Harold/+0 glaive (5)]
  8805 | D:9      | Slain by Harold

Skill      XL: |  1  2  3  4  5  6  7  8  9 10 |
---------------+-------------------------------+-----
Conjurations   | 2 3 4 |  4.8
Summonings     | 2 3 4 |  4.8
Translocations | 2 3 4 |  4.8
Invocations    | 1 2 3 4 5 |  5.6
Fighting       | 1 2 3 4 5 |  5.1
Short Blades   | 1 2 3 4 5 |  5.1
Long Blades    | 1 2 3 4 5 |  5.1
Axes           | 1 2 3 4 5 |  5.1
Maces & Flails | 1 2 3 4 5 |  5.1
Polearms       | 1 2 3 4 5 |  5.1
Staves         | 1 2 3 4 5 |  5.1
Slings         | 1 2 3 4 5 |  5.1
Bows           | 1 2 3 4 5 |  5.1
Crossbows      | 1 2 3 4 5 |  5.1
Throwing       | 1 2 3 4 5 |  5.1
Armour         | 1 2 3 4 5 |  5.1
Shields        | 1 2 3 4 5 |  5.1
Unarmed Combat | 1 2 3 4 5 |  5.1
Evocations     | 1 2 3 4 5 |  5.1
Hexes          | 1 2 3 4 |  4.2
Charms         | 1 2 3 4 |  4.2
Necromancy     | 1 2 3 4 |  4.2
Transmutations | 1 2 3 4 |  4.2
Fire Magic     | 1 2 3 4 |  4.2
Ice Magic      | 1 2 3 4 |  4.2
Air Magic      | 1 2 3 4 |  4.2
Earth Magic    | 1 2 3 4 |  4.2
Poison Magic   | 1 2 3 4 |  4.2
Dodging        | 5 6 7 |  7.0
Stealth        | 5 6 |  6.7
Spellcasting   | 8 |  8.9

Action                   |  1- 3 |  4- 6 |  7- 9 | 10-12 || total
-------------------------+-------+-------+-------+-------++-------
Melee: Unarmed           |    16 |       |       |       ||    16
       Long sword        |    11 |       |       |       ||    11
       Short sword       |     4 |    94 |   392 |   278 ||   768
       Bite              |     1 |     6 |    31 |    29 ||    67
       Punch             |       |       |     3 |     5 ||     8
 Cast: Magic Dart        |    66 |    72 |    88 |     1 ||   227
       Mephitic Cloud    |       |     7 |    23 |    16 ||    46
       Call Imp          |       |     1 |     2 |     3 ||     6
       Conjure Flame     |       |       |     1 |       ||     1
  Use: Potion            |       |       |       |     1 ||     1
 Stab: Sleeping          |     5 |     6 |     3 |       ||    14
       Confused          |       |     1 |    14 |    11 ||    26
  Eat: Chunk             |     1 |     7 |    13 |     5 ||    26
Armor: Robe              |    25 |     6 |       |       ||    31
       Ring mail         |       |     8 |   142 |    86 ||   236
Dodge: Dodged            |    61 |    69 |   233 |   143 ||   506
       Rpst.: Long sword |     4 |       |       |       ||     4
